 Dungeon Crawl Stone Soup version 0.23.2-33-g5129a83184 (webtiles) character file.

Game seed: 9183541750748315447

1120 Feetnoise the Spear-Bearer (level 8, -15/70 HPs)
             Began as a Minotaur Berserker on July 2, 2019.
             Was a Priest of Trog.
             Demolished by Harold
             ... wielding a +0 battleaxe
              (18 damage)
             ... on level 7 of the Dungeon on July 4, 2019.
             The game lasted 00:54:13 (8728 turns).

Feetnoise the Spear-Bearer (Minotaur Berserker)     Turns: 8728, Time: 00:54:14

Health: -15/70     AC:  8    Str: 24    XL:     8   Next: 12%
Magic:  7/7        EV: 17    Int:  9    God:    Trog [***...]
Gold:   375        SH:  0    Dex: 15    Spells: 7/7 levels left

rFire    + . .     SeeInvis .   i - +0 spear (freeze)
rCold    . . .     Gourm    .   (no shield)
rNeg     . . .     Faith    +   x - +0 scale mail
rPois    .         Spirit   .   (helmet restricted)
rElec    .         Reflect  .   (no cloak)
rCorr    .         Harm     .   g - +0 pair of gloves
MR       .....                  (no boots)
Stlth    ++........             h - amulet of faith
HPRegen  0.21/turn              w - ring of protection from fire
MPRegen  0.10/turn              (no ring)

@: brilliant, agile
A: retaliatory headbutt, horns 2
a: Berserk, Trog's Hand, Renounce Religion


You were on level 7 of the Dungeon.
You worshipped Trog.
Trog was most pleased with you.
You were not hungry.

You visited 1 branch of the dungeon, and saw 7 of its levels.

You collected 375 gold pieces.

Inventory:

Hand Weapons
 e - a +0 hand axe
 i - a +0 spear of freezing (weapon)
 j - a +2 whip of venom
 B - a +3 dagger of pain
Missiles
 u - 8 tomahawks (quivered)
Armour
 b - a -2 ring mail
 g - a +0 pair of gloves (worn)
 x - a +0 scale mail (worn)
 C - a +1 helmet
Jewellery
 h - an amulet of faith (around neck)
 w - a ring of protection from fire (left hand)
Wands
 t - a wand of digging (7)
Scrolls
 d - 4 scrolls of teleportation
 l - a scroll of amnesia {unknown}
 m - a scroll of remove curse
 o - 13 scrolls of identify {unknown}
 r - a scroll of torment {unknown}
 s - a scroll of blinking {unknown}
Potions
 f - a potion of brilliance
 k - a potion of resistance {unknown}
 n - 3 potions of might {unknown}
 p - a potion of mutation {unknown}
 q - a potion of flight {unknown}
 v - a potion of cancellation {unknown}
 A - a potion of agility
 D - 2 potions of curing {unknown}
 E - 2 potions of lignification {unknown}
Comestibles
 c - 7 rations


   Skills:
 + Level 6.2 Fighting
 + Level 8.1 Polearms
 + Level 5.2 Armour
 + Level 4.1 Dodging
 + Level 2.6 Stealth


You had 7 spell levels left.
You didn't know any spells.
Your spell library contained the following spells:

 Spells                   Type           Power        Failure   Level  Hunger
 Magic Dart               Conj           #...         11%         1    ##.....
 Blink                    Tloc           N/A          14%         2    ###....
 Call Imp                 Summ           #.......     14%         2    ###....
 Slow                     Hex            #.......     14%         2    ###....
 Conjure Flame            Conj/Fire      #.......     26%         3    ####...
 Mephitic Cloud           Conj/Pois/Air  #.......     26%         3    ####...


Dungeon Overview and Level Annotations

Branches:
Dungeon (7/15)             Temple (0/1) D:5

Altars:
Cheibriados
Dithmenos
Gozag
Makhleb
Nemelex Xobeh
Qazlal
Sif Muna
Uskayaw
Wu Jian
Xom
Zin

Annotations:
D:7 Harold


Innate Abilities, Weirdness & Mutations

You reflexively headbutt those who attack you in melee.
You have a pair of horns on your head.


Message History

You are yanked forward by the harpoon shot.
You hit Harold but do no damage. You headbutt Harold, but do no damage.
Harold hits you with a +0 battleaxe!
You barely miss Harold. Harold hits you with a +0 battleaxe!
* * * LOW HITPOINT WARNING * * *
You hit Harold but do no damage. You hit Harold. You freeze Harold.
You headbutt Harold, but do no damage.
Harold is lightly wounded.
Harold looks eager to get this over with.
Harold hits you with a +0 battleaxe!
* * * LOW HITPOINT WARNING * * *
You hit Harold but do no damage. You headbutt Harold!
Harold is moderately wounded.
It was a potion of agility.
You feel agile all of a sudden. Harold barely misses you.
It was a potion of brilliance.
You feel clever all of a sudden. Harold hits you with a +0 battleaxe!!
You die...

*,,***,,,,,*,** *,,***,,***,,**
*** *,>,,,,,* *,,,, **,*******
*,,****,***,*** *,*,,,,,,*
*,<****,,,,,,,, ****,*****,*
*,,,,,,,*,***** *,,,,,,,**,*
*********,* **,**,**,*#.#######
#.# ,,,,,,**,*#....@@.# ##.##
,,,,****,*#######(# #...#
**,,,,,,,*** #<..### #...#
***,*,,,,,,* #.###.## #...#
,**,*,,,,,,* #.##.#.#####...####
,**,*,,,,,,* #.#.###............
,**,*,,,,,,*###..## ##.....<.....
,,,,*,,,,,,*#.^...###............
,****,,,,,,*#......#.#####...####


You could see Harold.

Vanquished Creatures
  Grinder (D:5)
  2 ogres (D:6)
  A centaur (D:6)
  3 killer bees (D:7)
  A howler monkey (D:6)
  2 hounds (D:4)
  An orc priest (D:4)
  An orc wizard (D:4)
  Ijyb (D:4)
  An iguana (D:6)
  4 worker ants
  3 gnolls (D:2)
  11 adders
  A shadow imp (D:6)
  2 oozes
  4 worms
  6 dart slugs
  4 leopard geckos
  10 orcs
  4 ball pythons
  A bat (D:2)
  3 giant cockroaches
  11 hobgoblins
  3 jackals (D:4)
  4 kobolds
  2 quokkas
  3 frilled lizards (D:4)
  10 goblins
  A jackal skeleton (D:5)
  A quokka skeleton (D:7)
  4 rats
106 creatures vanquished.

Notes
Turn   | Place    | Note
-------+----------+-------------------------------------------
     0 | D:1      | Feetnoise the Minotaur Berserker began the quest for the
                  | Orb.
     0 | D:1      | Reached XP level 1. HP: 19/19 MP: 0/0
   412 | D:1      | Reached XP level 2. HP: 19/27 MP: 1/1
   540 | D:1      | Reached skill level 4 in Polearms
  1848 | D:2      | Reached XP level 3. HP: 32/33 MP: 2/2
  2530 | D:2      | Reached XP level 4. HP: 31/41 MP: 3/3
  2536 | D:2      | Reached ** piety under Trog
  2747 | D:2      | Reached skill level 5 in Polearms
  3570 | D:2      | Found a burning altar of Makhleb.
  3583 | D:2      | Found a deep blue altar of Sif Muna.
  3864 | D:3      | Reached XP level 5. HP: 28/47 MP: 4/4
  5136 | D:3      | Reached skill level 5 in Fighting
  5136 | D:3      | Reached skill level 1 in Stealth
  5331 | D:4      | Reached *** piety under Trog
  5504 | D:4      | Reached skill level 6 in Polearms
  5511 | D:4      | Reached XP level 6. HP: 44/56 MP: 5/5
  5695 | D:4      | Found a shadowy altar of Dithmenos.
  6109 | D:4      | Noticed Ijyb
  6121 | D:4      | Killed Ijyb
  6472 | D:5      | Entered Level 5 of the Dungeon
  6534 | D:5      | Noticed Grinder
  6549 | D:5      | Paralysed by Grinder for 2 turns
  6557 | D:5      | Killed Grinder
  6557 | D:5      | Reached skill level 7 in Polearms
  6557 | D:5      | Reached XP level 7. HP: 34/62 MP: 6/6
  6783 | D:5      | Found an ornate altar of the Wu Jian Council.
  6896 | D:5      | Found a stormy altar of Qazlal.
  7189 | D:5      | Found a staircase to the Ecumenical Temple.
  7421 | D:5      | Found a glowing silver altar of Zin.
  7422 | D:5      | Found an opulent altar of Gozag.
  7500 | D:6      | Found a glowing drain.
  7831 | D:6      | Reached skill level 8 in Polearms
  8051 | D:6      | Found a snail-covered altar of Cheibriados.
  8285 | D:6      | Found a sparkling altar of Nemelex Xobeh.
  8572 | D:7      | Found a shimmering altar of Xom.
  8604 | D:7      | Noticed a +0 hand axe
  8605 | D:7      | Noticed a +0 hand axe
  8608 | D:7      | Found a hide-covered altar of Uskayaw.
  8663 | D:7      | Reached skill level 5 in Armour
  8663 | D:7      | Reached XP level 8. HP: 51/70 MP: 7/7
  8719 | D:7      | Noticed Harold
  8725 | D:7      | HP: 2/70 [Harold/+0 battleaxe (10)]
  8728 | D:7      | Demolished by Harold

Skill      XL: |  1  2  3  4  5  6  7 |
---------------+----------------------+-----
Fighting       | 4 5 6 |  6.2
Polearms       | 4 5 6 7 8 |  8.1
Dodging        | 3 4 |  4.1
Stealth        | 1 2 |  2.6
Armour         | 3 4 5 |  5.2

Action                   |  1- 3 |  4- 6 |  7- 9 || total
-------------------------+-------+-------+-------++-------
Melee: Spear             |    69 |   157 |    68 ||   294
       Headbutt          |    13 |    33 |    16 ||    62
       Trident           |       |    16 |    10 ||    26
  Use: Scroll            |       |     4 |     2 ||     6
       Potion            |       |       |     2 ||     2
 Stab: Sleeping          |     1 |     2 |       ||     3
  Eat: Ration            |     1 |     1 |     2 ||     4
       Chunk             |     1 |     9 |       ||    10
Armor: Animal skin       |    13 |     2 |       ||    15
       Leather armour    |       |    22 |       ||    22
       Scale mail        |       |    12 |    18 ||    30
Dodge: Dodged            |    25 |    90 |    30 ||   145
